 Dungeon Crawl Stone Soup version 0.20-a0-876-g2c7b0bf (webtiles) character file.

292 4thArraOfDagon the Slasher (level 6, 10/48 HPs)
             Began as a Barachi Fighter on Mar 15, 2017.
             Quit the game on level 6 of the Dungeon.
             The game lasted 00:06:10 (1211 turns).

4thArraOfDagon the Slasher (Barachi Fighter)        Turns: 1211, Time: 00:06:10

Health: 10/48      AC:  8    Str: 21    XL:     6   Next: 33%
Magic:  6/6        EV:  7    Int:  9    God:
Gold:   224        SH:  9    Dex: 12    Spells: 5/5 levels left

rFire    . . .     SeeInvis .   t - -1 rapier (curse)
rCold    . . .     Gourm    .   b - +0 scale mail
rNeg     . . .     Faith    .   c - +0 shield
rPois    .         Spirit   .   (no helmet)
rElec    .         Reflect  .   (no cloak)
rCorr    .         Harm     .   (no gloves)
MR       .....                  i - +0 pair of boots
Stlth    ..........             (no amulet)
Regen    0.2/turn               (no ring)
MPRegen  0.1/turn               n - +3 ring of strength

@: mildly poisoned (10 -> 10), can't hop, drained, slow
A: +LOS, swims, slowness 1, strong legs 1
a: Hop


You were on level 6 of the Dungeon.
You were hungry.

You visited 1 branch of the dungeon, and saw 6 of its levels.

You collected 269 gold pieces.
You spent 45 gold pieces at shops.

Inventory:

Hand Weapons
 a - a +0 long sword
 e - a +3 short sword of flaming
 t - a cursed -1 rapier (weapon)
Armour
 b - a +0 scale mail (worn)
 c - a +0 shield (worn)
 i - a +0 pair of boots (worn)
Jewellery
 n - a +3 ring of strength (left hand)
Potions
 d - 2 potions of flight
 k - a potion of cancellation
 r - a potion of resistance
Books
 s - a book of Geomancy

   Spells                             Type                      Level
   a - Sandblast                      Earth                        1
   b - Passwall                       Transmutation/Earth          2
   c - Stone Arrow                    Conjuration/Earth            3
   d - Petrify                        Transmutation/Earth          4
   e - Lee's Rapid Deconstruction     Earth                        5
Comestibles
 f - 3 bread rations
 j - 4 fruits
 m - a meat ration
 o - 2 royal jellies


   Skills:
 - Level 4.2(3.4) Fighting
 * Level 5.6(4.7) Long Blades
 + Level 4.8(4.0) Armour
 + Level 1.6(0.9) Dodging
 - Level 4.1(3.3) Shields


You had 5 spell levels left.
You didn't know any spells.

Dungeon Overview and Level Annotations

Branches:
Dungeon (6/15)
 Temple: D:4-7

Altars:
Ru

Shops:
D:6 :?=

Annotations:
D:4 Pikel
D:6 Sarzael's ghost, novice DrTm


Innate Abilities, Weirdness & Mutations

Shadows flee at your approach. (+LOS)
You can swim through water.
You cover ground slowly.
You can hop short distances.


Message History

The ice beast barely misses you.
You miss the adder.
The adder is heavily wounded.
You block the adder's attack. The ice beast hits you.
The ice beast freezes you!
* * * LOW HITPOINT WARNING * * *
The adder bites you but does no damage.
Unknown command.
You closely miss the adder.
The adder is heavily wounded.
The ice beast hits you but does no damage.
You block the adder's attack.
Unknown command.
You barely miss the adder.
The adder is heavily wounded.
You feel sick. The adder bites you.
* * * LOW HITPOINT WARNING * * *
The ice beast hits you but does no damage.
You block the adder's attack.
Are you sure you want to abandon this character and quit the game? (Confirm with "yes".)

#.* *****#.# #.*
#.# #.* #.# #.* #.#
#.* ####.##### #>*
###......... #.*
#...........
#S######.###...###.
#.@Y.....# #...###.
########.###.......
#......####.
###.#....##.
#.#.##.##.
#.#.##....
#.#.##..#.
#.#.##..#.
#.#Y##Y...


You could see an ice beast and an adder.

Vanquished Creatures
  An ice beast (D:5)
  A crimson imp (D:6)
  A hound (D:3)
  A worker ant (D:5)
  Natasha (D:3)
  An orc wizard (D:6)
  2 adders (D:2)
  An ooze (D:2)
  2 worms
  A leopard gecko (D:2)
  An orc (D:6)
  3 giant cockroaches
  3 goblins
  4 hobgoblins
  2 quokkas (D:3)
  2 bats (D:3)
  2 frilled lizards (D:2)
  A kobold (D:3)
  7 rats
37 creatures vanquished.

Notes
Turn   | Place    | Note
-------+----------+-------------------------------------------
     0 | D:1      | 4thArraOfDagon the Barachi Fighter began the quest for the Orb.
     0 | D:1      | Reached XP level 1. HP: 18/18 MP: 1/1
    26 | D:2      | Reached XP level 2. HP: 9/25 MP: 2/2
    51 | D:2      | Reached skill level 3 in Long Blades
   140 | D:1      | Reached XP level 3. HP: 5/30 MP: 3/3
   534 | D:3      | Reached XP level 4. HP: 26/37 MP: 4/4
   611 | D:3      | Reached skill level 4 in Long Blades
   715 | D:3      | Noticed Natasha
   726 | D:3      | Killed Natasha
   795 | D:4      | Noticed a slave
   796 | D:4      | Noticed a slave
   797 | D:4      | Noticed Pikel
   800 | D:5      | Entered Level 5 of the Dungeon
   846 | D:5      | Reached XP level 5. HP: 36/42 MP: 5/5
   885 | D:5      | Noticed an ice beast
   897 | D:5      | Killed an ice beast
   897 | D:5      | Reached skill level 5 in Long Blades
   897 | D:5      | Reached skill level 1 in Dodging
   897 | D:5      | Reached XP level 6. HP: 27/48 MP: 6/6
  1003 | D:6      | Found a sacrificial altar of Ru.
  1003 | D:6      | Noticed Sarzael's ghost (novice DrTm)
  1015 | D:6      | HP: 2/48 [Sarzael's ghost/bolt of negative energy (31)]
  1032 | D:6      | Found Buthren's Jewellery Emporium.
  1088 | D:6      | Found Qiguceex's Magic Scroll Shop.
  1097 | D:6      | Bought a scroll of teleportation for 45 gold pieces
  1167 | D:6      | Found Nikig's Book Shoppe.
  1182 | D:6      | Noticed an ice beast
  1211 | D:6      | Quit the game

Vault maps used:
D:1:      roderic_dead_forest, minmay_hexomino_f4
D:3:      first_bread, uniq_natasha
D:4:      minmay_diamond_boxcup, kennysheep_little_box,
          minmay_temple_entry_glassed_door, uniq_pikel, uniq_sigmund
D:5:      uniq_menkaure
D:6:      lemuel_upstairs_altar, serial_shops, shop, shop, shop_coins, shop,
          nicolae_ru_great_annihilating_truth

Skill      XL: |  1  2  3  4  5 |
---------------+----------------+-----
Long Blades    | 3 4 5 |  5.6
Fighting       | 4 |  4.2
Armour         | 4 |  4.8
Shields        | 4 |  4.1
Dodging        | 1 |  1.6

Action                   |  1- 3 |  4- 6 || total
-------------------------+-------+-------++-------
Melee: Long sword        |    80 |    41 ||   121
       Short sword       |    14 |    17 ||    31
       Rapier            |       |    12 ||    12
 Abil: Hop               |       |     1 ||     1
  Use: Potion            |     3 |     4 ||     7
       Scroll            |       |     7 ||     7
  Eat: Chunk             |       |     1 ||     1
Armor: Scale mail        |    49 |    36 ||    85
Dodge: Dodged            |    31 |    31 ||    62
Block: Shield            |    52 |    28 ||    80
       Rpst.: Long sword |     4 |     2 ||     6
